Match 42368808
Unlisted

Match 42368808
End
Kettenkrad Recon Vehicle
Construct Infanterie Kompanie
Selects Mechanized Battlegroup
Grenadier Squad
MG 42 Machine Gun Team
Grenadier Squad
Construct Luftwaffe Kompanie
Jäger Squad
Flak 30 Anti-aircraft Gun Team
Infanterie Officer Quarters
Support Elements
Wirbelwind Flakpanzer
Selects Raid Package
Wirbelwind Flakpanzer
Marder III M Tank Destroyer
Selects StuG Assault Group
Luftwaffe Officer Quarters
KevinTDW
MrKaos
Nithralder
LOLwhat2
0
0

Comments sign in to comment!

No comments posted yet!